 Dungeon Crawl Stone Soup version 0.25.0-26-g0c896c7088 (webtiles) character file.

Game seed: 15945709151952857812

21 protoss039 the Sneak (level 2, -3/19 HPs)
             Began as a Vampire Enchanter on July 4, 2020.
             Slain by a kobold
             ... wielding a +0 short sword of distortion
              (18 damage)
             ... on level 1 of the Dungeon.
             The game lasted 00:02:36 (581 turns).

protoss039 the Sneak (Vampire Enchanter)             Turns: 581, Time: 00:02:38

Health: -3/19      AC:  3    Str:  7    XL:     2   Next: 65%
Magic:  3/5        EV: 12    Int: 17    God:
Gold:   24         SH:  0    Dex: 14    Spells: 2/5 levels left

rFire    . . .     SeeInvis +   a - +1 dagger
rCold    . . .     Gourm    .   (no shield)
rNeg     . . .     Faith    .   b - +0 robe
rPois    .         Spirit   .   i - +0 hat
rElec    .         Reflect  .   (no cloak)
rCorr    .         Harm     .   c - +0 pair of gloves
MR       .....                  (no boots)
Stlth    +++.......             (no amulet)
HPRegen  0.26/turn              (no ring)
MPRegen  0.09/turn              (no ring)

@: regenerating quickly
A: no food, fangs 3, see invisible, unbreathing
a: Exsanguinate


You were on level 1 of the Dungeon.
You were alive.

You visited 1 branch of the dungeon, and saw 1 of its levels.

You collected 24 gold pieces.

Inventory:

Hand Weapons
 a - a +1 dagger (weapon)
Armour
 b - a +0 robe (worn)
 c - a +0 pair of gloves (worn)
 i - a +0 hat (worn)
Scrolls
 d - a scroll of random uselessness {unknown}
 e - a scroll of identify {unknown}
 f - 2 scrolls of teleportation {unknown}
 h - a scroll of remove curse {unknown}
Potions
 g - a potion of heal wounds {unknown}


   Skills:
 + Level 1.8 Short Blades
 + Level 2.2 Dodging
 + Level 4.9 Stealth
 + Level 2.1 Spellcasting
 + Level 4.9 Hexes


You had 2 spell levels left.
You knew the following spells:

 Your Spells              Type           Power        Failure   Level  Hunger
a - Corona                Hex            ###....      2%          1    N/A
b - Ensorcelled Hibernat  Hex/Ice        ##....       11%         2    N/A

Your spell library contained the following spells:

 Spells                   Type           Power        Failure   Level  Hunger
 Confusing Touch          Hex            ###.....     8%          3    N/A
 Tukima's Dance           Hex            ###.....     8%          3    N/A
 Dazzling Flash           Conj/Hex       ##....       21%         3    N/A

Dungeon Overview and Level Annotations

Branches:
Dungeon (1/15)

Altars:


Innate Abilities, Weirdness & Mutations

You do not eat.
Your natural rate of healing is unusually fast.
You have razor-sharp teeth.
You have supernaturally acute eyesight. (SInv)
You can survive without breathing.


Message History

Casting: Corona (safe; 2% risk of failure)
Confirm with . or Enter, or press ? or * to list all spells.
Aiming: Ensorcelled Hibernation (safe; 11% risk of failure)
Press: ? - help, Shift-Dir - straight line, f - kobold
Aim: a kobold, wielding a +0 short sword of distortion (chance to defeat MR: 59%)
The kobold looks drowsy...
The kobold shouts!
You hear a shout!
The kobold closely misses you.
You hear a shout! x2
The hobgoblin shouts!
You hit the kobold.
The kobold is heavily wounded.
The kobold barely misses you.
You hit the kobold.
The kobold is severely wounded.
A hobgoblin comes into view. It is wielding a +0 club.
The kobold hits you with a +0 short sword of distortion.
Space warps horribly around you!!
Ouch! That really hurt!
You die...

#... #.# #....
#..##(gg# ##...
##.......( ##....
#.g.# #..### #(.(#
#..... #.(###
.##..... #..g.#
##.........
#.K#.....#.........
##@#####...........
#.).....#......###
####....#.........
#....).........
#....#.........
####...........#.
#......#.>.......
#.......#.....#..
#.......##......#


You could see 2 hobgoblins and a kobold.

Vanquished Creatures
  A leopard gecko (D:1)
  2 ball pythons (D:1)
  2 bats (D:1)
  A giant cockroach (D:1)
  2 goblins (D:1)
  2 hobgoblins (D:1)
  3 jackals (D:1)
  3 kobolds (D:1)
  2 rats (D:1)
18 creatures vanquished.

Notes
Turn   | Place    | Note
-------+----------+-------------------------------------------
     0 | D:1      | protoss039 the Vampire Enchanter began the quest for the
                  | Orb.
     0 | D:1      | Reached XP level 1. HP: 13/13 MP: 3/3
    86 | D:1      | Reached XP level 2. HP: 4/19 MP: 0/5
   577 | D:1      | Learned a level 2 spell: Ensorcelled Hibernation
   581 | D:1      | Slain by a kobold

Illustrated notes

Levels and vault maps discovered:
D:1:      minmay_arrival_semitransparent, layout_rooms, minmay_hexomino_r4

Action                   || total
-------------------------++-------
Melee: Dagger            ||    73
       Bite              ||     4
 Cast: Corona            ||    19
       Ensorcelled Hiber ||     1
 Stab: Sleeping          ||     2
Armor: Robe              ||    28
Dodge: Dodged            ||    63
